 Dungeon Crawl Stone Soup version 0.31-a0-819-gf6de2f5ab6 (webtiles) character file.

Game seed: 17122036904291863602

108213 Joey1 the Severer (level 16, 0/157 HPs)
             Began as a Minotaur Berserker on Sept 23, 2023.
             Was a High Priest of Trog.
             Hit by a javelin thrown by a merfolk javelineer (12 damage)
             ... on level 2 of the Orcish Mines.
             The game lasted 01:01:08 (24418 turns).

Joey1 the Severer (Minotaur Berserker)             Turns: 24418, Time: 01:01:09

Health: 0/157      AC: 22    Str: 34    XL:     16   Next: 2%
Magic:  15/15      EV: 10    Int:  4    God:    Trog [*****.]
Gold:   2217       SH: 14    Dex: 10    Spells: 15/15 levels left

rFire   + . .        X - +2 broad axe (heavy)
rCold   + . .        Q - +2 kite shield {rC+}
rNeg    . . .        D - +6 chain mail of Cheibriados, Mauling {Str+4}
rPois   .            O - +0 hat
rElec   .            L - +2 cloak
rCorr   .            P - +0 pair of gloves
SInv    .            Z - +2 pair of boots {rampage}
Will    +....        (no amulet) Stlth
                     a - ring of fire
HPRegen 0.46/turn    w - ring of protection from cold
MPRegen 0.14/turn

%: rampage
@: about to teleport
A: horns 2, retaliatory headbutt
a: Renounce Religion, Berserk, Trog's Hand, Brothers in Arms


You were on level 2 of the Orcish Mines.
You worshipped Trog.
Trog was extremely pleased with you.
You visited 5 branches of the dungeon, and saw 21 of its levels.
You also visited: Ice Cave and Volcano.

You collected 2718 gold pieces.
You spent 501 gold pieces at shops.

Inventory:

Hand Weapons
 B - the +6 rapier "Bonileys" {holy, Str-4 Int+6}
   (You found it on level 5 of the Dungeon)

   Str-4:     It affects your strength (-4).
   Int+6:     It affects your intelligence (+6).
 M - the +7 hammer of Courage {flame, Str+4}
   (You found it on level 6 of the Dungeon)

   Str+4:     It affects your strength (+4).
 X - a +2 heavy broad axe (weapon)
Missiles
 Y - 4 javelins
Armour
 b - a +2 scale mail of fire resistance
 z - a +2 ring mail of willpower
 D - the +6 chain mail of Cheibriados, Mauling (worn) {Str+4}
   (You found it on level 5 of the Dungeon)

   Str+4:     It affects your strength (+4).
 L - a +2 cloak (worn)
 O - a +0 hat (worn)
 P - a +0 pair of gloves (worn)
 Q - a +2 kite shield of cold resistance (worn)
 R - a +2 chain mail of cold resistance
 Z - a +2 pair of boots of rampaging (worn)
Jewellery
 a - a ring of fire (left hand)
 j - an amulet of faith
 o - a ring of poison resistance
 w - a ring of protection from cold (right hand)
 W - a ring of see invisible
Wands
 f - a wand of mindburst (3)
 q - a wand of iceblast (22)
 r - a wand of paralysis (13)
 s - a wand of light (7)
 H - a wand of polymorph (24)
 N - a wand of flame (15)
Scrolls
 h - 3 scrolls of vulnerability
 k - 3 scrolls of poison
 m - 2 scrolls of revelation {unknown}
 n - 2 scrolls of summoning {unknown}
 p - 4 scrolls of immolation
 u - 10 scrolls of teleportation
 x - a scroll of acquirement {unknown}
 y - 4 scrolls of blinking
 A - a scroll of torment {unknown}
 E - 3 scrolls of fog
 G - 3 scrolls of noise
 K - 4 scrolls of fear
 U - 4 scrolls of enchant armour
 V - 2 scrolls of enchant weapon {unknown}
Potions
 c - 11 potions of curing
 d - 4 potions of haste
 e - 5 potions of heal wounds
 g - a potion of resistance {unknown}
 l - 2 potions of magic {unknown}
 t - 4 potions of attraction
 v - 4 potions of might
 C - a potion of mutation {unknown}
 F - 3 potions of invisibility
 I - 2 potions of lignification {unknown}
 J - 2 potions of enlightenment
 T - a potion of berserk rage {unknown}
Miscellaneous
 i - a phial of floods
 S - a lightning rod (4/4)


   Skills:
 + Level 17.8 Fighting
 - Level 10.0 Short Blades
 - Level 18.0 Axes
 - Level 3.0 Armour
 - Level 5.0 Dodging
 - Level 15.0 Shields
 - Level 12.0 Evocations


You had 15 spell levels left.
You didn't know any spells.
Your spell library was empty.

Dungeon Overview and Level Annotations

Branches:
Dungeon (12/15)            Temple (0/1) D:5            Lair (5/5) D:8
 Shoals (1/4) Lair:3        Snake (1/4) Lair:2        Slime (0/5) Lair:4
    Orc (2/2) D:11            Elf (0/3) Orc:2         IceCv (visited)
Volcano (visited)

Altars:
Dithmenos
Nemelex Xobeh
Okawaru
Qazlal
Ru
Sif Muna
Trog
Vehumet
Xom
Yredelemnul
The Shining One
Jiyva
Lugonu

Shops:
D:1 [   D:7 :   D:10 :   D:12 =   Orc:2 !*:[   Snake:1 :?

Portals:
Abyss: Lair:5
Pandemonium: Orc:2

Annotations:
Orc:2 enile's ghost, journeyman DgAE


Innate Abilities, Weirdness & Mutations

You have a pair of horns on your head.
You reflexively headbutt those who attack you in melee.


Message History

You are more confused.
The merfolk javelineer throws a javelin.
The javelin pierces through you!
* * * LOW HITPOINT WARNING * * *
Enile's ghost waves its arms in wide circles.
The air twists around and strikes you.
You are engulfed in noxious fumes.
The merfolk javelineer throws a javelin.
The javelin pierces through you!
* * * LOW HITPOINT WARNING * * *
Enile's ghost hits you!
* * * LOW HITPOINT WARNING * * *
Enile's ghost freezes you.
* * * LOW HITPOINT WARNING * * *
You are too confused!
You feel better. Enile's ghost hits you.
* * * LOW HITPOINT WARNING * * *
As you read the scroll of teleportation, it crumbles to dust.
You feel strangely unstable.
The merfolk javelineer throws a javelin.
The javelin pierces through you but does no damage.
You block enile's ghost's attack.
The merfolk javelineer throws a javelin.
The javelin barely misses you.
Enile's ghost hits you but does no damage.
Things that are here:
a +0 hand axe; a +0 trident You closely miss the merfolk javelineer.
You miss enile's ghost.
The merfolk javelineer throws a javelin.
The javelin closely misses you.
Enile's ghost waves its arms in wide circles.
The air twists around and strikes you!
* * * LOW HITPOINT WARNING * * *
You slice the merfolk javelineer like a ripe choko!!!
The merfolk javelineer is heavily wounded.
You slice enile's ghost!!
The merfolk javelineer throws a javelin.
The javelin pierces through you!
You die...

.#.....##..#∩.##.......##
...#..##......∩##.#)....# #
.#.....##..#∩.##..))...## ####
...#....##..###..##)#.########.##
#....#W..##..#..##...###...#))...
##.....)..##...##...####.....)...
###.)###..m##.##°..###.....#..#..
####))###.o.###W..###......#.....
..###).###○°)#..@####.........###
...###).###.#)#m###.m.........#.m
....###)o###..)###........o...#.#
#....###..###.###.H..○#.......#.Q
......###.H#####..o...##.....##.#
.......###).###....o........###..
........##)..#............### #..
..........)..m............#.##
.....................)[).....# ##


You could see a merfolk javelineer and enile's ghost.

Vanquished Creatures
  2 azure jellies (IceCv)
  2 quicksilver oozes (IceCv)
  A minotaur (Orc:2)
  2 dire elephants (Lair:3)
  An ettin (Orc:2)
  Josephine (Orc:2)
  An anaconda (Snake:1)
  9 hydras
  A catoblepas (Lair:5)
  2 demonspawn (Orc:2)
  A two-headed ogre (shapeshifter) (Lair:5)
  An ogre mage (D:12)
  4 boulder beetles
  9 two-headed ogres
  6 orc high priests
  4 thrashing horrors (Lair:5)
  2 shock serpents (Snake:1)
  Sonja (Orc:1)
  2 fire crabs (Lair:3)
  A skyshark (Lair:3)
  7 skeletal warriors
  2 mana vipers (Snake:1)
  3 anaconda skeletons (Volcano)
  A salamander (Snake:1)
  5 orc knights (Orc:2)
  A deep elf pyromancer (D:12)
  7 orc sorcerers
  2 cyclopes
  A manticore (shapeshifter) (Lair:5)
  An alligator skeleton (Volcano)
  2 ice statues (IceCv)
  11 black mambas
  Joseph (D:8)
  A naga mage (Snake:1)
  3 torpor snails
  A merfolk siren (Lair:3)
  13 elephants
  A smoke demon (Orc:2)
  16 cane toads
  2 unseen horrors (D:11)
  An orange demon (Orc:2)
  8 gargoyles
  3 rime drakes
  17 komodo dragons
  An ice devil (Orc:2)
  A red devil (Orc:2)
  6 trolls
  A hornet (Lair:3)
  21 blink frogs
  4 dream sheep
  A raiju (Lair:5)
  16 slime creatures (IceCv)
  Sigmund (D:6)
  4 shadows
  4 wyverns
  2 flying skulls (Volcano)
  A spriggan (shapeshifter) (Lair:5)
  3 ynoxinuls
  2 large abominations (Lair:5)
  9 wraiths
  A steam dragon (D:7)
  3 fire bats (Lair:3)
  44 yaks
  7 basilisks
  A chaos spawn (Lair:5)
  9 vampire mosquitoes
  7 wargs
  11 small abominations (Lair:5)
  9 nagas
  An acid dragon (D:12)
  A two-headed ogre zombie (D:11)
  27 water moccasins
  2 ice beasts
  Pargi (D:3)
  27 orc warriors
  A sky beast (D:7)
  The ghost of Splishie the Magician, an amateur GnWn (D:3)
  3 black bears (Lair:3)
  27 wolves
  3 centaurs
  A great orb of eyes simulacrum (IceCv)
  6 ogres
  3 phantoms
  2 kobold brigands
  4 slime creature simulacra (IceCv)
  18 bullfrogs
  2 glowing shapeshifter simulacra (IceCv)
  A gnoll sergeant (D:10)
  5 scorpions
  10 killer bees
  2 spriggan skeletons (Volcano)
  4 troll skeletons (Volcano)
  5 howler monkeys
  3 electric eels
  A lava snake (Orc:1)
  A crimson imp (D:4)
  4 hounds
  21 orc priests
  Crazy Yiuf (D:6)
  16 jellies
  2 iguanas
  Ijyb (D:3)
  Terence (D:3)
  19 orc wizards
  2 polar bear simulacra (Lair:2)
  12 hell rats
  2 shapeshifter simulacra (IceCv)
  7 ogre zombies (D:11)
  A naga skeleton (Volcano)
  Robin (D:4)
  7 gnolls
  8 adders
  2 shadow imps
  A white imp (D:6)
  2 dart slugs (D:2)
  59 orcs
  5 ball pythons
  3 bats (D:1)
  6 endoplasms
  2 giant cockroaches
  9 goblins
  5 hobgoblins
  5 jackals
  23 kobolds
  5 quokkas
  4 frilled lizards
  3 goblin skeletons
  4 goblin zombies
  A hobgoblin zombie (D:11)
  A kobold skeleton (D:4)
  A kobold zombie (D:4)
  5 orc skeletons
  17 orc zombies
  3 rats
765 creatures vanquished.

Vanquished Creatures (others)
  A two-headed ogre (D:12)
  An ugly thing (D:12)
  A komodo dragon (D:12)
  A yak (D:12)
  A centaur (D:12)
  A howler monkey (D:12)
  An orc wizard (D:12)
7 creatures vanquished.

Grand Total: 772 creatures vanquished

Notes
Turn   | Place    | Note
-------+----------+-------------------------------------------
     0 | D:1      | Joey1 the Minotaur Berserker began the quest for the Orb.
     0 | D:1      | Reached XP level 1. HP: 19/19 MP: 0/0
   194 | D:1      | Found a transporter.
   199 | D:1      | Found Acuf's Armour Boutique.
   238 | D:1      | Found a transporter.
   284 | D:1      | Reached XP level 2. HP: 27/27 MP: 1/1
   334 | D:1      | Reached skill level 4 in Axes
   469 | D:1      | Found a faded altar of an unknown god.
   469 | D:1      | Noticed a blizzard demon
   699 | D:2      | Reached XP level 3. HP: 31/33 MP: 2/2
   705 | D:2      | Reached ** piety under Trog
  1223 | D:3      | Noticed Pargi
  1232 | D:3      | Killed Pargi
  1233 | D:3      | Reached skill level 5 in Axes
  1233 | D:3      | Reached XP level 4. HP: 37/41 MP: 3/3
  1233 | D:3      | Reached XP level 5. HP: 43/47 MP: 4/4
  1306 | D:3      | Found a shadowy altar of Dithmenos.
  1493 | D:3      | Found a runed translucent door.
  1503 | D:3      | Noticed Ijyb
  1509 | D:3      | Killed Ijyb
  1625 | D:3      | Noticed Terence
  1636 | D:3      | Killed Terence
  1709 | D:3      | Reached skill level 5 in Fighting
  1709 | D:3      | Reached skill level 6 in Axes
  1709 | D:3      | Reached XP level 6. HP: 56/56 MP: 5/5
  2145 | D:3      | Noticed Splishie's ghost (amateur GnWn)
  2164 | D:3      | Killed Splishie's ghost
  2276 | D:4      | Reached skill level 7 in Axes
  2356 | D:4      | Reached *** piety under Trog
  2359 | D:4      | Noticed Robin
  2365 | D:4      | Killed Robin
  2366 | D:4      | Reached XP level 7. HP: 61/61 MP: 6/6
  2424 | D:4      | Found a glowing golden altar of the Shining One.
  2491 | D:4      | Reached skill level 8 in Axes
  2491 | D:4      | Reached skill level 5 in Dodging
  3426 | D:5      | Entered Level 5 of the Dungeon
  3466 | D:5      | Reached skill level 9 in Axes
  3616 | D:5      | Found a staircase to the Ecumenical Temple.
  3619 | D:5      | Identified the +6 rapier "Bonileys" {holy, Str-4 Int+6}
  3673 | D:5      | Reached skill level 1 in Short Blades
  3677 | D:5      | Reached **** piety under Trog
  3799 | D:5      | Identified the +6 chain mail of Cheibriados, Mauling
                  | {Str+4}
  4032 | D:5      | You fall into a shaft and drop 2 floors!
  4032 | D:7      | Found Estiv's Book Boutique.
  4067 | D:7      | Reached XP level 8. HP: 67/68 MP: 7/7
  4163 | D:7      | Reached skill level 5 in Short Blades
  4178 | D:6      | Noticed Sigmund
  4187 | D:6      | Killed Sigmund
  4227 | D:6      | Found a radiant altar of Vehumet.
  4380 | D:6      | Found a basalt altar of Yredelemnul.
  4494 | D:6      | Reached XP level 9. HP: 72/74 MP: 8/8
  4548 | D:6      | Found a bloodstained altar of Trog.
  4928 | D:6      | Found a runed translucent door.
  4929 | D:6      | Noticed Crazy Yiuf
  4936 | D:6      | Killed Crazy Yiuf
  4939 | D:6      | Identified the +7 hammer of Courage {flame, Str+4}
  5399 | D:7      | Reached skill level 10 in Short Blades
  5415 | D:7      | Reached skill level 10 in Axes
  5427 | D:7      | Reached ***** piety under Trog
  5637 | D:7      | Found a shimmering blue altar of Sif Muna.
  5872 | D:8      | Found a stormy altar of Qazlal.
  5939 | D:8      | Noticed Joseph
  5951 | D:8      | Killed Joseph
  5952 | D:8      | Reached skill level 11 in Axes
  6072 | D:8      | Found a sacrificial altar of Ru.
  6073 | D:8      | Noticed a cyclops
  6089 | D:8      | Killed a cyclops
  6090 | D:8      | Reached XP level 10. HP: 82/86 MP: 9/9
  6381 | D:8      | Found a staircase to the Lair.
  6381 | D:8      | Noticed an elephant
  6404 | D:8      | Killed an elephant
  6409 | D:8      | Reached skill level 12 in Axes
  6735 | D:9      | Noticed a two-headed ogre
  6807 | Lair:1   | Entered Level 1 of the Lair of Beasts
  6841 | Lair:1   | Reached skill level 13 in Axes
  7053 | Lair:1   | Noticed a cane toad
  7068 | Lair:1   | Killed a cane toad
  7069 | Lair:1   | Reached skill level 14 in Axes
  7368 | Lair:1   | Reached XP level 11. HP: 88/99 MP: 10/10
  7482 | Lair:1   | Reached skill level 10 in Fighting
  7887 | Lair:2   | Reached skill level 15 in Axes
  7904 | Lair:2   | Found a frozen archway.
  7920 | IceCv    | Entered an ice cave
  8006 | IceCv    | Noticed a quicksilver ooze
  8016 | IceCv    | Killed a quicksilver ooze
  8120 | IceCv    | Reached skill level 16 in Axes
  8600 | IceCv    | Received a gift from Trog
  8942 | IceCv    | Noticed a quicksilver ooze
  8951 | IceCv    | Killed a quicksilver ooze
  8952 | IceCv    | Reached XP level 12. HP: 115/115 MP: 6/11
  9041 | IceCv    | Noticed an azure jelly
  9056 | IceCv    | Killed an azure jelly
  9112 | IceCv    | Found a viscous altar of Jiyva.
  9112 | IceCv    | Noticed an azure jelly
  9124 | IceCv    | Killed an azure jelly
  9207 | IceCv    | Got the +4 mace "Pedur" {freeze, Contam rPois Str+2}
  9321 | Lair:2   | Reached skill level 1 in Shields
  9433 | Lair:2   | Noticed a six-headed hydra
  9439 | Lair:2   | Killed a six-headed hydra
  9592 | Lair:2   | Found a staircase to the Snake Pit.
  9725 | Lair:2   | Reached skill level 5 in Shields
  9872 | Lair:2   | Noticed a boulder beetle
  9879 | Lair:2   | Killed a boulder beetle
 10201 | Lair:2   | Noticed a seven-headed hydra
 10214 | Lair:2   | Killed a seven-headed hydra
 10633 | Lair:2   | Reached skill level 10 in Shields
 11532 | Lair:2   | Reached XP level 13. HP: 103/124 MP: 12/12
 12084 | Lair:3   | Received a gift from Trog
 12309 | Lair:3   | Found a dark tunnel.
 12392 | Volcano  | Entered a volcano
 12453 | Volcano  | Reached skill level 15 in Fighting
 12476 | Volcano  | Reached skill level 17 in Axes
 13387 | Lair:3   | Noticed a dire elephant
 13395 | Lair:3   | Reached skill level 18 in Axes
 13402 | Lair:3   | Killed a dire elephant
 13723 | Lair:3   | Noticed a dire elephant
 13734 | Lair:3   | Killed a dire elephant
 13762 | Lair:3   | Identified the +7 sling of Pestilence {speed, *Slow Str+5}
 13981 | Lair:3   | Found a staircase to the Shoals.
 14298 | Shoals:1 | Entered Level 1 of the Shoals
 14411 | Lair:4   | Reached XP level 14. HP: 135/135 MP: 13/13
 14558 | Lair:4   | Received a gift from Trog
 14612 | Lair:4   | Found a staircase to the Slime Pits.
 14621 | Lair:4   | Identified the +0 helmet of Nihilism {Regen+ Dex+4}
 14660 | Lair:4   | Found a viscous altar of Jiyva.
 15019 | Lair:5   | Entered Level 5 of the Lair of Beasts
 15088 | Lair:5   | Reached skill level 15 in Shields
 15091 | Lair:5   | Reached skill level 1 in Evocations
 15334 | Lair:5   | Received a gift from Trog
 15382 | Lair:5   | Reached skill level 5 in Evocations
 15477 | Lair:5   | Identified the +0 arbalest of Sorudur {speed, rF+ rC+
                  | Int+2}
 15489 | Lair:5   | Reached ****** piety under Trog
 16130 | Lair:5   | Received a gift from Trog
 16293 | Lair:5   | Found a corrupted altar of Lugonu.
 16293 | Lair:5   | Found a one-way gate to the infinite horrors of the Abyss.
 16685 | Snake:1  | Entered Level 1 of the Snake Pit
 16893 | Snake:1  | Found Xokhli's Book Boutique.
 16897 | Snake:1  | Found Aschiol's Magic Scroll Boutique.
 16956 | Snake:1  | Bought a scroll of blinking for 112 gold pieces
 16956 | Snake:1  | Bought a scroll of fear for 60 gold pieces
 16956 | Snake:1  | Bought a scroll of identify for 30 gold pieces
 16956 | Snake:1  | Bought a scroll of identify for 30 gold pieces
 17460 | D:9      | Reached XP level 15. HP: 137/141 MP: 14/14
 17937 | D:10     | Entered Level 10 of the Dungeon
 18750 | D:10     | Found a sparkling altar of Nemelex Xobeh.
 18921 | D:10     | Found Isseavus's Tremendous Tomes.
 19138 | D:11     | Received a gift from Trog
 19141 | D:11     | Reached skill level 10 in Evocations
 19230 | D:11     | Found a staircase to the Orcish Mines.
 21048 | D:12     | Received a gift from Trog
 21254 | D:12     | Found a shimmering altar of Xom.
 21332 | D:12     | Found Xaeckuli's Jewellery Boutique.
 21382 | Orc:1    | Entered Level 1 of the Orcish Mines
 21386 | Orc:1    | Noticed Sonja
 21390 | Orc:1    | Killed Sonja
 22285 | Orc:2    | Entered Level 2 of the Orcish Mines
 22285 | Orc:2    | Found a staircase to the Elven Halls.
 22318 | Orc:2    | Found a runed translucent gate.
 22408 | Orc:2    | Noticed Josephine
 22423 | Orc:2    | Killed Josephine
 22853 | Orc:2    | Found a runed translucent gate.
 22853 | Orc:2    | Found a runed translucent gate.
 22857 | Orc:2    | Noticed enile's ghost (journeyman DgAE)
 23346 | Orc:2    | Found Qakij's General Store.
 23421 | Orc:2    | Found Otum's Distillery.
 23539 | Orc:2    | Paralysed by an orc sorcerer for 5 turns
 23935 | Orc:2    | Found Aleibless's Antique Armour Shop.
 23935 | Orc:2    | Found Ottau's Book Boutique.
 23936 | Orc:2    | Found a one-way gate leading to the halls of Pandemonium.
 23968 | Orc:2    | Bought a potion of enlightenment for 85 gold pieces
 23968 | Orc:2    | Bought a potion of heal wounds for 85 gold pieces
 23968 | Orc:2    | Bought a potion of curing for 51 gold pieces
 23970 | Orc:2    | Bought a scroll of fear for 48 gold pieces
 24018 | Orc:2    | Found an iron altar of Okawaru.
 24388 | Orc:2    | Reached XP level 16. HP: 122/157 MP: 15/15
 24418 | Orc:2    | Hit by a javelin thrown by a merfolk javelineer

Illustrated notes

Levels and vault maps discovered:
D:1:      minmay_arrival_radiant_lines, layout_rooms, serial_shops,
          nicolae_shop_drivethru, dreamdust_ecumenical_altar_sealed_demon
D:2:      layout_basic
D:3:      layout_loops_ring, mainiacjoe_overflow_catwalk,
          ebering_ghost_reflecting_pool, uniq_ijyb, uniq_pargi, uniq_terence
D:4:      layout_basic, nicolae_tso_besieged_by_evil, uniq_robin
D:5:      layout_basic, minmay_temple_entry_glass, nicolae_figureground_pulse
D:6:      layout_gridville, mainiacjoe_overflow_paths, kennysheep_mini_moat,
          mainiacjoe_overflow_cross_hatched, minmay_misc_feat_ornament,
          minmay_misc_feat_chi, uniq_sigmund, uniq_crazy_yiuf_cottage
D:7:      layout_basic, marbit_many_paths, serial_shops, shop
D:8:      layout_rooms, nicolae_ru_sacrificial_ziggurat, grunt_qazlal_clouds,
          david_lair_generic, uniq_joseph
D:9:      layout_irregular_city
D:10:     layout_basic, old_standard_altar, nicolae_shop_i_like_big_books,
          minmay_misc_feat_rows
D:11:     layout_basic, zombieorc2_lemuel
D:12:     layout_gridville, serial_shops, shop, nicolae_trove_entry_crossroad,
          xom_confusion_cloud
Lair:1:   layout_hall_layers
Lair:2:   nzn_winding_woodlands_huge [nzn_winding_woodlands_5x15_concentric,
          nzn_winding_woodlands_5x15_pathside_ponds,
          nzn_winding_woodlands_5x15_garden, nzn_winding_woodlands_5x15_pool,
          nzn_winding_woodlands_5x15_pockets,
          nzn_winding_woodlands_5x15_sidewinder,
          nzn_winding_woodlands_5x15_parted,
          nzn_winding_woodlands_5x15_split_checker,
          nzn_winding_woodlands_5x15_jagged, nzn_winding_woodlands_5x15_twine,
          nzn_winding_woodlands_center_lodge,
          nzn_winding_woodlands_center_diamonds,
          nzn_winding_woodlands_15x15_eel_pit], layout_regular_city,
          nicolae_snake_entry_squirm, portal_ice_cave_entry_ice_simulacra,
          nzn_sisyphean_effort
Lair:3:   layout_regular_city, minmay_shoals_entry_lonely_mermaid,
          nicolae_volcano_entry_batcave, nicolae_lair_lakeside_cave
Lair:4:   layout_long_grid, minmay_slime_entry_jelly_boxes
Lair:5:   hellmonk_lair_end_abyssal_woods, layout_regular_city, st_stairs_9,
          serial_bayou_shore_a, lemuel_fruit_tree, grunt_megastairs_5
Shoals:1: layout_shoals, serial_shops, nicolae_take_the_stairs,
          nicolae_shoals_sun_and_surf
Snake:1:  layout_rooms, nicolae_snake_lava_pool, minmay_shop_star
Orc:1:    cheibrodos_orc_guarddog, layout_caves, nicolae_orc_lava_tube,
          uniq_sonja
Orc:2:    pf_orc_diabolical, layout_diamond_mine,
          gammafunk_ghost_fury_of_okawaru, uniq_josephine

Skill      XL: |  1  2  3  4  5  6  7  8  9 10 11 12 13 14 15 |
---------------+----------------------------------------------+-----
Axes           | 4 5 6 7 9 11 14 16 18 | 18.0
Fighting       | 4 5 7 9 13 14 15 17 | 17.8
Armour         | 3 |  3.0
Dodging        | 3 4 5 |  5.0
Short Blades   | 3 8 10 | 10.0
Shields        | 10 13 15 | 15.0
Evocations     | 9 12 | 12.0

Action                     |  1- 3 |  4- 6 |  7- 9 | 10-12 | 13-15 | 16-18 || total
---------------------------+-------+-------+-------+-------+-------+-------++-------
  Melee: Hand axe          |    79 |    89 |   159 |       |       |       ||   327
         Headbutt          |     4 |    16 |    78 |   134 |   208 |     1 ||   441
         Punch             |     1 |       |     3 |     8 |       |       ||    12
         Rapier            |       |       |   127 |       |     7 |       ||   134
         War axe           |       |       |     6 |   495 |   141 |       ||   642
         Mace              |       |       |       |     9 |    23 |       ||    32
         Broad axe         |       |       |       |       |   840 |     9 ||   849
 Invoke: Berserk           |     1 |       |     2 |     7 |     4 |       ||    14
         Trog's Hand       |       |       |     1 |     2 |     4 |       ||     7
         Brothers in Arms  |       |       |       |     2 |       |       ||     2
    Use: Scroll            |       |       |       |     6 |     8 |     1 ||    15
         Potion            |       |       |       |       |     2 |     1 ||     3
   Stab: Distracted        |       |       |       |     1 |       |       ||     1
 Armour: Animal skin       |    19 |       |       |       |       |       ||    19
         Chain mail        |    50 |    55 |   182 |   349 |   680 |    17 ||  1333
         Scale mail        |       |       |       |       |    20 |       ||    20
  Dodge: Dodged            |    43 |    38 |   119 |   184 |   282 |     2 ||   668
  Block: Kite shield       |       |       |       |    30 |   647 |     7 ||   684

Table legend: (Time is in decaauts)
 A = Elapsed time spent in this place.
 B = Non-inter-level travel time spent in this place.
 C = Inter-level travel time spent in this place.
 D = Time resting spent in this place.
 E = Time spent auto-exploring this place.
 F = Levels seen in this place.
 G = Mean time per level.
                   A        B        C        D        E       F      G
               +--------+--------+--------+--------+--------+-----+--------+
         Total |  24460 |  23529 |    931 |   4592 |  13776 |  23 | 1063.5 |
       Dungeon |  10901 |  10421 |    480 |   1422 |   7403 |  12 |  908.4 |
          Lair |   7851 |   7424 |    427 |   1077 |   4658 |   5 | 1570.2 |
        Shoals |      1 |      1 |      0 |      0 |      0 |   1 |    1.0 |
     Snake Pit |    638 |    638 |      0 |    208 |    264 |   1 |  638.0 |
  Orcish Mines |   2971 |   2949 |     22 |    773 |   1451 |   2 | 1485.5 |
      Ice Cave |   1371 |   1371 |      0 |    846 |      0 |   1 | 1371.0 |
       Volcano |    724 |    724 |      0 |    264 |      0 |   1 |  724.0 |
               +--------+--------+--------+--------+--------+-----+--------+

Top non-repeatable levels by time:
  Lair:2: 2897 daAuts
   Orc:2: 2158 daAuts
    D:11: 1785 daAuts
  Lair:3: 1581 daAuts
  Lair:5: 1504 daAuts
   IceCv: 1371 daAuts
     D:4: 1185 daAuts
  Lair:1: 1089 daAuts
    D:10: 1067 daAuts
     D:3: 1041 daAuts
     D:6: 974 daAuts
   Orc:1: 812 daAuts
     D:7: 801 daAuts
     D:8: 799 daAuts
  Lair:4: 778 daAuts
